 Dungeon Crawl Stone Soup version 0.21-a0-509-gecc5317 (webtiles) character file.

44 DarkHelmet the Chucker (level 3, -1/37 HPs)
             Began as an Ogre Hunter on Nov 30, 2017.
             Slain by a worker ant (2 damage)
             ... on level 2 of the Dungeon.
             The game lasted 00:03:14 (2502 turns).

DarkHelmet the Chucker (Ogre Hunter)                Turns: 2502, Time: 00:03:15

Health: -1/37      AC:  3    Str: 17    XL:     3   Next: 60%
Magic:  3/3        EV: 10    Int: 12    God:
Gold:   88         SH:  0    Dex:  9    Spells: 2/2 levels left

rFire    . . .     SeeInvis .   i - +0 club
rCold    + . .     Gourm    .   (no shield)
rNeg     . . .     Faith    +   b - +0 robe
rPois    .         Spirit   .   (helmet restricted)
rElec    .         Reflect  .   (no cloak)
rCorr    .         Harm     .   (gloves unavailable)
MR       .....                  (boots unavailable)
Stlth    +.........             k - amulet of faith
HPRegen  0.12/turn              g - ring of protection from cold
MPRegen  0.08/turn              (no ring)

@: lethally poisoned (-1 -> -13), flying
A: large, unfitting armour, tough skin 1
a: no special abilities


You were on level 2 of the Dungeon.
You were not hungry.

You visited 1 branch of the dungeon, and saw 2 of its levels.

You collected 88 gold pieces.

Inventory:

Hand Weapons
 a - a +0 short sword
 i - a +0 club (weapon)
Missiles
 c - 4 large rocks (quivered)
 d - 2 throwing nets
Armour
 b - a +0 robe (worn)
Jewellery
 g - a ring of protection from cold (left hand)
 k - an amulet of faith (around neck)
Scrolls
 e - a scroll of teleportation {unknown}
 h - a scroll of enchant weapon {unknown}
 l - a scroll of noise {unknown}
 n - 3 scrolls of identify {unknown}
Potions
 m - a potion of brilliance {unknown}
 p - a potion of haste {unknown}
Comestibles
 f - a bread ration
 j - 2 royal jellies


   Skills:
 + Level 3.4 Fighting
 * Level 1.2 Maces & Flails
 * Level 4.6 Throwing
 - Level 1.7 Dodging
 - Level 0.6 Stealth


You had 2 spell levels left.
You didn't know any spells.

Dungeon Overview and Level Annotations

Branches:
Dungeon (2/15)

Altars:
Gozag
Kikubaaqudgha
Ru


Innate Abilities, Weirdness & Mutations

You are too large for most types of armour.
You have tough skin. (AC +1)


Message History

You hit the worker ant.
The worker ant is moderately wounded.
You feel sick. The worker ant bites you. x2
You barely miss the worker ant.
The worker ant is moderately wounded.
You feel sick. The worker ant closely misses you.
You hit the worker ant but do no damage.
The worker ant is moderately wounded.
You feel sick. The worker ant bites you!
* * * LOW HITPOINT WARNING * * *
The worker ant bites you.
* * * LOW HITPOINT WARNING * * *
You are more poisoned.
The worker ant poisons you!
It was a potion of flight.
You feel very buoyant.
You fly up into the air.
* * * LOW HITPOINT WARNING * * *
You feel sick. The worker ant bites you.
You die...

# .# ####. ... #.# #
#####.#.#####
#.@a).......#
##########.###(#.###..
.##..........# #.#.#
........###.## #.#.#
..........#.###....#
##......>...........
#..###.....###....a
....# #.#.### ##.###
....# #.#.#


You could see a worker ant.

Vanquished Creatures
  2 worms (D:2)
  3 dart slugs (D:1)
  A leopard gecko (D:1)
  7 bats
  2 giant cockroaches (D:1)
  3 goblins
  2 hobgoblins (D:1)
  6 kobolds
  3 frilled lizards (D:1)
  A rat (D:2)
30 creatures vanquished.

Notes
Turn   | Place    | Note
-------+----------+-------------------------------------------
     0 | D:1      | DarkHelmet the Ogre Hunter began the quest for the Orb.
     0 | D:1      | Reached XP level 1. HP: 22/22 MP: 1/1
   202 | D:1      | Reached XP level 2. HP: 16/31 MP: 2/2
  1347 | D:1      | Reached XP level 3. HP: 25/37 MP: 3/3
  1966 | D:2      | Reached skill level 1 in Maces & Flails
  2059 | D:2      | Found an opulent altar of Gozag.
  2063 | D:2      | Found an ancient bone altar of Kikubaaqudgha.
  2067 | D:2      | Found a sacrificial altar of Ru.
  2502 | D:2      | HP: 1/37 [poisoned by a worker ant]
  2502 | D:2      | Slain by a worker ant

Vault maps used:
D:1:      lightli_arrival_flooded_house, kennysheep_crisscross
D:2:      grunt_temple_overflow_open, lemuel_round_altar

Skill      XL: |  1  2  3 |
---------------+----------+-----
Fighting       | 3 |  3.4
Maces & Flails | 1 |  1.2
Throwing       | |  4.6
Dodging        | |  1.7
Stealth        | |  0.6

Action                   || total
-------------------------++-------
Melee: Short sword       ||    44
       Club              ||   136
Throw: Large rock        ||     3
  Use: Potion            ||     1
 Stab: Sleeping          ||     3
  Eat: Chunk             ||     3
       Royal jelly       ||     1
Armor: Robe              ||    62
Dodge: Dodged            ||   115

Table legend:
 A = Spawn XP
 B = Non-spawn XP
 C = Spawn XP percentage of total XP
 D = Spawn monster count
 E = Non-spawn monster count
 F = Spawn count percentage of total count
 G = Total turns spent on level
                    A         B        C        D         E        F      G
               +---------+---------+-------+---------+---------+-------+---------
         Total |       0 |      63 |   0.0 |       0 |      30 |   0.0 |  2502
               +---------+---------+-------+---------+---------+-------+---------
           D:1 |       0 |      42 |   0.0 |       0 |      22 |   0.0 |  1955
           D:2 |       0 |      21 |   0.0 |       0 |       8 |   0.0 |   547
               +---------+---------+-------+---------+---------+-------+---------
